 Dungeon Crawl Stone Soup version 0.19.3-4-gbf9329e (webtiles) character file.

47392 Gargoyl the Protected (level 14, -3/122 HPs)
             Began as a Ghoul Abyssal Knight on Jan 27, 2017.
             Was an Elder of Lugonu.
             Slain by Frances
             ... wielding a +0 long sword of freezing
              (9 damage)
             ... on level 12 of the Dungeon on Jan 29, 2017.
             The game lasted 00:58:09 (22740 turns).

Gargoyl the Protected (Ghoul Abyssal Knight)       Turns: 22740, Time: 00:58:10

Health: -3/122     AC: 25    Str: 22    XL:     14   Next: 41%
Magic:  14/21      EV:  9    Int:  7    God:    Lugonu [****..]
Gold:   1055       SH:  0    Dex: 10    Spells: 0 memorised, 13 levels left

rFire  . . .     SeeInvis .     D - +2 halberd (elec)
rCold  + . .     Gourm    .     l - +0 plate armour
rNeg   + + +     Faith    .     (shield currently unavailable)
rPois  ∞         Spirit   .     m - +0 helmet
rElec  .         Reflect  .     K - +1 cloak {MR+}
rCorr  .         Harm     .     O - +2 pair of gloves {Str+3}
MR     ++...                    n - +0 pair of boots
Stlth  ..........               B - amulet of magic regeneration
                                (no ring)
                                j - +1 ring of evasion

@: weakened, rotting
A: rotting body, claws 1, carnivore 3, cold resistance 1, negative energy
resistance 3, slow regeneration 1, torment resistance, unbreathing
a: Depart the Abyss, Bend Space, Banish, Corrupt, Renounce Religion


You were on level 12 of the Dungeon.
You worshipped Lugonu.
Lugonu was greatly pleased with you.
You were not hungry.

You visited 2 branches of the dungeon, and saw 18 of its levels.
You visited the Abyss 2 times.
You also visited: Bailey and Ice Cave.

You collected 1055 gold pieces.

Inventory:

Hand Weapons
 d - a +4 spear of venom
 D - a +2 halberd of electrocution (weapon)
 M - a +1 spear of freezing
 T - a +4 war axe of freezing
 U - a cursed +3 war axe
Missiles
 k - 68 tomahawks of returning
 o - 6 tomahawks (quivered)
Armour
 l - a +0 plate armour (worn)
 m - a +0 helmet (worn)
 n - a +0 pair of boots (worn)
 E - a +0 buckler
 K - a +1 cloak of magic resistance (worn)
 O - a +2 pair of gloves of strength (worn)
Jewellery
 j - a +1 ring of evasion (left hand)
 B - an amulet of magic regeneration (around neck)
Wands
 f - a wand of acid (4/15)
 g - a wand of enslavement (13/24)
 h - a wand of lightning (8/15)
 r - a wand of polymorph (1/24)
 u - a wand of disintegration (10/24)
 v - a wand of lightning (11/15)
 x - a wand of disintegration (24/24)
 C - a wand of lightning (5/15)
 G - a wand of paralysis (13/24)
 J - a wand of slowing (26/48)
 L - a wand of lightning (3/15)
Scrolls
 b - 13 scrolls of remove curse
 e - a scroll of magic mapping
 i - 6 scrolls of identify
 w - 3 scrolls of fog
 y - a scroll of teleportation
 P - a scroll of amnesia
 R - 2 scrolls of blinking
 S - a scroll of recharging
Potions
 q - 5 potions of heal wounds
 s - 3 potions of flight
 F - 2 potions of might
 H - 4 potions of curing
 N - a potion of agility
Books
 p - a book of Conjurations

   Spells                             Type                      Level
   a - Magic Dart                     Conjuration                  1
   b - Searing Ray                    Conjuration                  2
   c - Dazzling Spray                 Conjuration/Hexes            3
   d - Fulminant Prism                Conjuration/Hexes            4
   e - Iskenderun's Mystic Blast      Conjuration                  4
   f - Iskenderun's Battlesphere      Conjuration/Charms           5
 I - the Volume of Flames
   (You found it on level 5 of the Lair of Beasts)

   Spells                             Type                      Level
   a - Bolt of Magma                  Conjuration/Fire/Earth       5
   b - Fireball                       Conjuration/Fire             5
   c - Bolt of Fire                   Conjuration/Fire             6
 Q - a book of Cantrips

   Spells                             Type                      Level
   a - Confusing Touch                Hexes                        1
   b - Animate Skeleton               Necromancy                   1
   c - Summon Small Mammal            Summoning                    1
   d - Apportation                    Translocation                1
Comestibles
 a - 9 chunks of flesh
 c - 6 meat rations
 t - 2 beef jerkies
 z - 3 royal jellies
 A - 3 slices of pizza


   Skills:
 + Level 10.4 Fighting
   Level 1.2 Long Blades
 + Level 2.0(7.7) Axes
 + Level 11.4(11.5) Polearms
 + Level 3.0 Throwing
 * Level 13.8 Armour
 + Level 3.1 Dodging
 + Level 1.6 Shields
 * Level 11.6 Invocations


You had 13 spell levels left.
You didn't know any spells.

Dungeon Overview and Level Annotations

Branches:
Dungeon (12/15)            Temple (0/1) D:5            Lair (6/6) D:9
  Swamp (0/4) Lair:2        Snake (0/4) Lair:3        Slime (0/5) Lair:5
    Orc (0/2) D:10

Altars:
Ashenzari
Kikubaaqudgha
Sif Muna
The Shining One

Annotations:
D:12 Frances
Abyss:1 Rupert


Innate Abilities, Weirdness & Mutations

Your body is rotting away.
You thrive on raw meat.
You are immune to poison.
You have sharp fingernails.
You are carnivorous and can eat meat at any time.
Your flesh is cold resistant. (rC+)
You are immune to negative energy. (rN+++)
You regenerate slowly when monsters are visible.
You are immune to unholy pain and torment.
You can survive without breathing.


Message History

The orange demon hits you but does no damage.
Press: ? - help, Shift-Dir - straight line, f/p - Frances
Aim: Frances, wielding a long sword of freezing and wearing a scale mail (heavily wounded, fast, chance to defeat MR: 25%) Frances resists with almost no effort.
You feel somewhat more hungry.
You can no longer gate yourself to the Abyss.
Frances hits you but does no damage.
The hellwing hits you but does no damage.
The hellwing barely misses you. The orange demon stings you.
* * * LOW HITPOINT WARNING * * *
The orange demon hits you.
* * * LOW HITPOINT WARNING * * *
You feel much better.
Frances whispers indecipherable words.
The shard of ice hits you! You partially resist.
* * * LOW HITPOINT WARNING * * *
The hellwing hits you but does no damage. x2
The orange demon stings you but does no damage.
The orange demon closely misses you.
Frances hits you with a long sword of freezing!
You die...

....... .....
....... ....#
....... ...#
....... #}.#
!...... #..#
.....$.
#..#######....$..
#.....@([........
#..?4@44)...#####
#..#######/.#
#..# ..# #..# ..#
#..# ..# #..# ..#
#..# ..#
#######..######
.(.....<.......


You could see Frances, an orange demon, a hellwing and a chaos spawn.

Vanquished Creatures
  Erolcha (D:9)
  2 catoblepae
  4 death yaks (Lair:6)
  A deep troll shaman (Lair:6)
  2 hill giants (D:10)
  Pikel (D:7)
  An ugly thing (D:11)
  11 elephants
  18 spiny frogs
  3 black mambas
  A torpor snail (Lair:5)
  2 gargoyles
  A rime drake (Lair:4)
  A centaur skeleton (D:10)
  6 komodo dragons
  4 trolls
  A polar bear (Lair:6)
  6 hippogriffs
  A spriggan (D:7)
  59 yaks
  2 small abominations
  3 wyverns
  2 hungry ghosts
  3 basilisks
  2 steam dragons (D:9)
  A naga (Lair:3)
  19 water moccasins
  13 porcupines
  A sky beast (D:10)
  4 ice beasts
  4 orc warriors
  2 black bears
  A phantom (D:7)
  A slave (D:7)
  A necrophage (D:10)
  6 ogres
  20 wolves
  A centaur (D:10)
  11 crocodiles
  10 bullfrogs
  A scorpion (D:4)
  A water moccasin skeleton (D:4)
  15 killer bees
  8 wights
  7 howler monkeys
  2 crimson imps
  2 jellies (D:7)
  13 orc wizards
  4 bullfrog skeletons
  5 orc priests
  A hound (D:9)
  5 iguanas
  3 worker ants
  Robin (D:3)
  17 gnolls
  10 adders
  2 shadow imps
  17 white imps
  3 ufetubi (IceCv)
  An ooze (D:1)
  2 adder zombies
  2 adder skeletons (D:7)
  2 dart slugs
  5 leopard geckos
  34 orcs
  4 bats
  17 goblins
  17 hobgoblins
  4 jackals (D:9)
  11 kobolds
  4 quokkas
  A ball python (D:5)
  3 frilled lizards
  4 rats
  A fungus (Lair:2)
462 creatures vanquished.

Vanquished Creatures (others)
  4 hydras
  2 death yaks (Lair:6)
  An unseen horror (D:10)
  A lindwurm (Lair:6)
  An orc knight (Bailey)
  A quasit (D:8)
  A white imp (IceCv)
  4 ufetubi (IceCv)
  An orc (D:7)
  2 bushes (Lair:6)
  15 fungi
  15 plants
48 creatures vanquished.

Grand Total: 510 creatures vanquished

Notes
Turn   | Place    | Note
-------+----------+-------------------------------------------
     0 | Abyss:1  | Gargoyl the Ghoul Abyssal Knight began the quest for the Orb.
     0 | Abyss:1  | Reached XP level 1. HP: 19/19 MP: 1/1
    56 | Abyss:1  | Noticed a shadow
    77 | D:1      | Escaped the Abyss
   119 | D:1      | Reached skill level 2 in Armour
   246 | D:1      | Reached XP level 2. HP: 25/26 MP: 2/2
   535 | D:2      | Reached XP level 3. HP: 21/33 MP: 3/3
   930 | D:3      | Reached XP level 4. HP: 34/40 MP: 4/4
  1015 | D:3      | Reached * piety under Lugonu
  1015 | D:3      | Reached skill level 1 in Polearms
  1219 | D:3      | Noticed Robin
  1251 | D:3      | Killed Robin
  1251 | D:3      | Reached skill level 3 in Armour
  1264 | D:3      | Reached XP level 5. HP: 39/46 MP: 6/6
  1533 | D:4      | Reached skill level 1 in Dodging
  1559 | D:5      | Entered Level 5 of the Dungeon
  1846 | D:5      | Reached XP level 6. HP: 21/52 MP: 7/7
  2054 | D:4      | Reached skill level 4 in Armour
  2355 | D:4      | Reached ** piety under Lugonu
  2355 | D:4      | Reached XP level 7. HP: 42/59 MP: 8/8
  2550 | D:4      | Found a glowing golden altar of the Shining One.
  2627 | D:5      | Found a staircase to the Ecumenical Temple.
  3076 | D:5      | Reached skill level 5 in Fighting
  3129 | D:5      | Reached skill level 5 in Armour
  3173 | D:5      | Reached XP level 8. HP: 18/67 MP: 9/9
  4229 | D:6      | Reached skill level 1 in Long Blades
  4540 | D:6      | Found a shattered altar of Ashenzari.
  4576 | D:6      | Reached skill level 6 in Armour
  5181 | D:7      | Reached XP level 9. HP: 75/75 MP: 11/11
  5244 | D:7      | Reached skill level 5 in Polearms
  5247 | D:7      | Noticed Pikel
  5289 | D:7      | Killed Pikel
  5289 | D:7      | Reached skill level 7 in Armour
  5289 | D:7      | Reached skill level 5 in Invocations
  5572 | D:7      | Reached *** piety under Lugonu
  6337 | D:8      | Found a flagged portal.
  6362 | Bailey   | Entered a bailey
  6546 | Bailey   | Noticed an orc knight
  6728 | Bailey   | Reached **** piety under Lugonu
  6728 | Bailey   | Banished an orc knight
  6728 | Bailey   | Reached skill level 8 in Armour
  7006 | D:7      | Reached XP level 10. HP: 52/84 MP: 13/13
  8140 | D:9      | Noticed Erolcha
  8168 | D:9      | Cast into level 1 of the Abyss (Erolcha)
  8231 | Abyss:1  | Noticed a tentacled starspawn
  8235 | Abyss:2  | Found a corrupted altar of Lugonu.
  8264 | Abyss:2  | Noticed a cacodemon
  8265 | Abyss:2  | Noticed an orange demon
  8265 | D:9      | Escaped the Abyss
  8275 | D:9      | Killed Erolcha
  8275 | D:9      | Reached skill level 9 in Armour
  8513 | D:9      | Found a staircase to the Lair.
  8612 | D:9      | Identified a scroll of acquirement
  9007 | D:9      | Found a deep blue altar of Sif Muna.
  9007 | D:9      | Found an ancient bone altar of Kikubaaqudgha.
  9158 | D:9      | Reached XP level 11. HP: 59/92 MP: 15/15
  9250 | D:10     | Entered Level 10 of the Dungeon
  9437 | Lair:1   | Entered Level 1 of the Lair of Beasts
  9704 | Lair:1   | Reached skill level 10 in Armour
 11290 | Lair:2   | Noticed a catoblepas
 11365 | Lair:1   | Killed a catoblepas
 11453 | Lair:2   | Found a staircase to the Swamp.
 11829 | Lair:2   | Reached ***** piety under Lugonu
 11877 | Lair:2   | Reached skill level 1 in Throwing
 12074 | Lair:2   | Reached XP level 12. HP: 55/102 MP: 17/17
 12082 | Lair:2   | Reached skill level 11 in Armour
 12732 | Lair:3   | Found a frozen archway.
 12840 | IceCv    | Entered an ice cave
 13157 | Lair:3   | Found a staircase to the Snake Pit.
 13371 | Lair:3   | Noticed Rupert
 13407 | Lair:3   | Banished Rupert
 14830 | Lair:4   | Noticed a six-headed hydra
 14853 | Lair:4   | Banished a six-headed hydra
 15480 | Lair:4   | Noticed a five-headed hydra
 15481 | Lair:4   | Banished a five-headed hydra
 15844 | Lair:4   | Reached skill level 12 in Armour
 16091 | Lair:5   | Reached skill level 10 in Polearms
 16359 | Lair:5   | Identified the Volume of Flames
 16566 | Lair:5   | Noticed a seven-headed hydra
 16568 | Lair:5   | Banished a seven-headed hydra
 16568 | Lair:5   | Reached XP level 13. HP: 111/111 MP: 14/19
 16606 | Lair:5   | Found a staircase to the Slime Pits.
 16833 | Lair:5   | Reached skill level 10 in Invocations
 17104 | Lair:6   | Entered Level 6 of the Lair of Beasts
 18664 | Lair:6   | Reached skill level 1 in Shields
 19168 | Lair:6   | Reached skill level 13 in Armour
 19299 | Lair:6   | Reached skill level 10 in Fighting
 19903 | Lair:6   | Reached XP level 14. HP: 77/121 MP: 21/21
 21705 | D:10     | Found a staircase to the Orcish Mines.
 22716 | D:12     | Noticed Frances
 22740 | D:12     | HP: 6/122 [Frances/shard of ice (33)]
 22740 | D:12     | Slain by Frances

Skill      XL: |  1  2  3  4  5  6  7  8  9 10 11 12 13 14 |
---------------+-------------------------------------------+-----
Armour         | 2 3 4 5 6 8 9 10 12 13 | 13.8
Axes           | 2 |  2.0
Fighting       | 4 5 6 7 8 9 10 | 10.4
Polearms       | 1 2 3 4 6 7 9 10 11 | 11.4
Dodging        | 1 2 3 |  3.1
Invocations    | 3 4 5 7 8 9 11 | 11.6
Long Blades    | 1 |  1.2
Throwing       | 1 2 3 |  3.0
Shields        | 1 |  1.6

Action                   |  1- 3 |  4- 6 |  7- 9 | 10-12 | 13-15 || total
-------------------------+-------+-------+-------+-------+-------++-------
Melee: Spear             |    56 |   164 |   457 |  1002 |   886 ||  2565
       Great sword       |       |       |    26 |       |       ||    26
       Halberd           |       |       |    20 |   303 |   222 ||   545
Throw: Tomahawk          |       |       |     6 |    31 |    17 ||    54
Invok: Depart the Abyss  |     1 |       |       |     1 |       ||     2
       Bend Space        |       |       |     1 |     2 |     4 ||     7
       Banish            |       |       |     1 |     9 |    13 ||    23
  Use: Potion            |       |       |    10 |    10 |     2 ||    22
       Scroll            |       |       |    13 |    11 |    13 ||    37
 Stab: Petrified         |       |       |       |       |    13 ||    13
  Eat: Chunk             |    13 |    23 |    57 |   149 |   142 ||   384
       Meat ration       |       |       |       |     1 |       ||     1
Armor: Ring mail         |    34 |    51 |       |       |       ||    85
       Chain mail        |       |    62 |    57 |       |       ||   119
       Plate armour      |       |       |   287 |   846 |   648 ||  1781
Dodge: Dodged            |    44 |    78 |   161 |   366 |   379 ||  1028
Block: Buckler           |       |       |       |    11 |    63 ||    74
       Rpst.: Great sword |       |       |     3 |       |       ||     3
